 Dungeon Crawl Stone Soup version 0.30.1-11-g7821555f0a (webtiles) character file.

Game seed: 13202761179201891935

95 RustandSilver the Sneak (level 4, -9/24 HPs)
             Began as a Vampire Enchanter on Dec 17, 2023.
             Mangled by a hobgoblin
             ... wielding the +10 long sword of Zin's Vengeance {freeze, *Noise rN+++ SInv Stlth-}
              (15 damage)
             ... on level 3 of the Dungeon on Dec 24, 2023.
             The game lasted 00:12:09 (2505 turns).

RustandSilver the Sneak (Vampire Enchanter)         Turns: 2505, Time: 00:12:13

Health: -9/24      AC:  2    Str:  9    XL:     4   Next: 40%
Magic:  7/7        EV: 13    Int: 17    God:
Gold:   96         SH:  0    Dex: 14    Spells: 1/7 levels left

rFire   . . .        k - +0 whip (drain)
rCold   + + .        (no shield)
rNeg    + + +        b - +0 robe
rPois   ∞            (no helmet)
rElec   .            (no cloak)
rCorr   .            (no gloves)
SInv    +            (no boots)
Will    .....        (no amulet)
Stlth   +++++        (no ring)
HPRegen 0.00/turn    (no ring)
MPRegen 0.10/turn

%: no passive effects
@: bloodless, inhibited regen
A: bloodless, fangs 3, see invisible, vampiric 2
a: Bat Form, Revivify


You were on level 3 of the Dungeon.
You visited 1 branch of the dungeon, and saw 3 of its levels.

You collected 96 gold pieces.

Inventory:

Hand Weapons
 a - a +1 dagger
 k - a +0 whip of draining (weapon)
Armour
 b - a +0 robe (worn)
Magical Staves
 i - a staff of air
Wands
 p - a wand of flame (20)
Scrolls
 d - a scroll of identify
 e - 2 scrolls of noise {unknown}
 g - 2 scrolls of enchant armour {unknown}
 j - 2 scrolls of torment {unknown}
 m - 2 scrolls of teleportation {unknown}
 o - a scroll of vulnerability {unknown}
 q - a scroll of fog {unknown}
Potions
 c - 2 potions of invisibility
 f - a potion of brilliance {unknown}
 h - a potion of ambrosia {unknown}
 l - 2 potions of berserk rage {unknown}
 n - 2 potions of heal wounds {unknown}
 r - a potion of curing {unknown}


   Skills:
 + Level 0.7 Fighting
 + Level 1.3 Short Blades
 + Level 0.8 Maces & Flails
 + Level 2.9 Dodging
 + Level 5.8 Stealth
 + Level 2.2 Spellcasting
 + Level 5.1 Hexes


You had one spell level left.
You knew the following spells:

 Your Spells              Type           Power      Damage    Failure   Level
a - Confusing Touch       Hex            19%        N/A       7%          3
b - Tukima's Dance        Hex            19%        N/A       7%          3

Your spell library contained the following spells:

 Spells                   Type           Power      Damage    Failure   Level
 Ensorcelled Hibernation  Hex/Ice        20%        N/A       10%         2
 Dazzling Flash           Conj/Hex       20%        N/A       21%         3


Dungeon Overview and Level Annotations

Branches:
Dungeon (3/15)

Altars:
Uskayaw


Innate Abilities, Weirdness & Mutations

You do not regenerate when monsters are visible.
You are frail without blood (-20% HP).
You can heal yourself when you bite living creatures.
You are immune to poison.
You have razor-sharp teeth.
You have supernaturally acute eyesight. (SInv)
You are afflicted with vampirism and can become a bat while bloodless.


Message History

The giant cockroach is moderately wounded.
The giant cockroach closely misses you.
You hit the giant cockroach. You drain the giant cockroach.
You kill the giant cockroach!
A bat comes into view.
Found a smoky green potion.
The bat barely misses you. The bat barely misses you.
The bat hits you but does no damage.
You barely miss the bat. You bite the bat, but do no damage.
The bat misses you. The bat barely misses you. The bat closely misses you.
The bat misses you.
You hit the bat. You bite the bat.
You kill the bat!
r - a smoky green potion
Found a hide-covered altar of Uskayaw.
Found a stone staircase leading down.
There is a stone staircase leading down here.
Found a robe.
A ball python comes into view.
A hobgoblin comes into view.
It is wielding the +10 long sword of Zin's Vengeance {freeze, *Noise rN+++ SInv Stlth-}.
The helpless ball python fails to defend itself.
You bite the ball python, and draw its blood!
You hit the ball python. You drain the ball python.
You kill the ball python!
You see here a ball python corpse.
j - 2 scrolls labelled OLUMMU BICEGH (gained 1)
A hobgoblin is nearby!
You barely miss the hobgoblin.
The hobgoblin shouts!
The hobgoblin hits you with the +10 long sword of Zin's Vengeance {freeze, *Noise rN+++ SInv Stlth-}!
You barely miss the hobgoblin.
The hobgoblin hits you with the +10 long sword of Zin's Vengeance {freeze, *Noise rN+++ SInv Stlth-}!
* * * LOW HITPOINT WARNING * * *
You hit the hobgoblin but do no damage. The hobgoblin barely misses you.
You hit the hobgoblin.
The hobgoblin is lightly wounded.
The hobgoblin barely misses you.
The hobgoblin hits you with the +10 long sword of Zin's Vengeance {freeze, *Noise rN+++ SInv Stlth-}!
Ouch! That really hurt!
You die...

.# ###### .# #...># .#
#.##.# .#####
#.##.#####.#....
##########.##.#†......#
#..........##.....[.#.####
#.###########.............
...######## #..g@...#.####
.#........# #.#.......#
...######.# #.##.##.#.#
#.## #.# #.##.# .#.#
#.#######.# #(##.# .#.##
#.........# #.##.##....
#..######.# #........#
#..# #.###........# #..#
#...#........#


You could see a hobgoblin.

Vanquished Creatures
  3 adders (D:2)
  2 worms (D:2)
  2 dart slugs
  4 ball pythons
  5 bats
  7 endoplasms
  3 giant cockroaches
  7 goblins
  6 hobgoblins
  4 kobolds (D:1)
  A quokka (D:1)
  2 frilled lizards (D:1)
  7 rats
53 creatures vanquished.

Notes
Turn   | Place    | Note
-------+----------+-------------------------------------------
     0 | D:1      | RustandSilver the Vampire Enchanter began the quest for the
                  | Orb.
     0 | D:1      | Reached XP level 1. HP: 13/13 MP: 3/3
   591 | D:1      | Reached skill level 5 in Hexes
   800 | D:1      | Reached XP level 2. HP: 15/15 MP: 5/5
  1285 | D:1      | Gained mutation: You are afflicted with vampirism and can
                  | become a bat while bloodless. [Vampire growth]
  1285 | D:1      | Reached XP level 3. HP: 19/19 MP: 6/6
  1541 | D:2      | Reached skill level 5 in Stealth
  1864 | D:2      | Reached XP level 4. HP: 24/24 MP: 7/7
  1868 | D:2      | Learned a level 3 spell: Confusing Touch
  1872 | D:2      | Learned a level 3 spell: Tukima's Dance
  2451 | D:3      | Found a hide-covered altar of Uskayaw.
  2491 | D:3      | Identified the +10 long sword of Zin's Vengeance {freeze,
                  | *Noise rN+++ SInv Stlth-}
  2505 | D:3      | Mangled by a hobgoblin

Illustrated notes

Levels and vault maps discovered:
D:1:      giann_forest_graveyard, layout_loops_corners, st_stairs_3
D:2:      layout_loops_ring
D:3:      layout_loops_ring, mainiacjoe_overflow_alcove_4

Skill      XL: |  1  2  3 |
---------------+----------+-----
Hexes          | 5 |  5.1
Stealth        | 5 |  5.8
Fighting       | |  0.7
Short Blades   | |  1.3
Maces & Flails | |  0.8
Dodging        | |  2.9
Spellcasting   | |  2.2

Action                     |  1- 3 |  4- 6 || total
---------------------------+-------+-------++-------
  Melee: Dagger            |    48 |       ||    48
         Bite              |    11 |     7 ||    18
         Whip              |    64 |    47 ||   111
         Punch             |     1 |       ||     1
   Cast: Confusing Touch   |       |     1 ||     1
Ability: Exsanguinate      |     1 |       ||     1
    Use: Potion            |     1 |       ||     1
         Scroll            |       |     1 ||     1
   Stab: Sleeping          |    19 |     2 ||    21
         Confused          |       |     1 ||     1
 Armour: Robe              |    15 |     6 ||    21
  Dodge: Dodged            |    56 |    34 ||    90
